AoeStats
← Ganoso

Arabia

510132094Analyzed
1v1 RM · 20h ago on Sep 29, 2026· 56m 18s· 2 players
Game mode
Random Map
Map size
Tiny (2 player)
Population
200
Speed
Normal
Resources
Standard
Victory
Conquest
Starting age
Dark Age
Ending age
Imperial Age
RankedLock teamsTeams togetherTeam positionsShared explorationLock speedFull tech treeHidden civsTurbo modeCheats
Victory
Defeat
🇨🇱 Burgundians · Chile
1046
+16
🇨🇭 Vietnamese · Switzerland
1056
-16
lomoPlateado
6:03 Double-Bit Axe
9:49 Feudal Age
8:06 Loom
14:42 Scale Barding Armor
23:15 Castle Age
23:07 Horse Collar
23:40 Bow Saw
23:22 Gold Mining
23:18 Light Cavalry
23:59 Husbandry
24:14 Forging
25:20 Chain Barding Armor
26:48 Iron Casting
29:21 Stone Mining
31:12 Cavalier
34:38 Gold Shaft Mining
36:51 Treadmill Crane
37:33 Heavy Plow
38:26 Stone Shaft Mining
38:53 Two-Man Saw
39:08 Wheelbarrow
47:59 Imperial Age
45:16 Town Watch
48:51 Masonry
49:20 Conscription
49:12 Burgundian Vineyards
49:54 Hussar
52:14 Chemistry
52:35 Plate Barding Armor
53:04 Blast Furnace
53:32 Hand Cart
53:37 Elite Coustillier
Ganoso
7:40 Loom
10:09 Feudal Age
10:43 Double-Bit Axe
14:23 Fletching
25:42 Castle Age
24:20 Gold Mining
24:13 Horse Collar
24:54 Forging
25:55 Crossbowman
26:34 Bodkin Arrow
26:03 Pikeman
29:57 Iron Casting
33:05 Wheelbarrow
34:15 Bow Saw
34:16 Squires
34:19 Scale Mail Armor
41:21 Elite Skirmisher
48:21 Chain Mail Armor
50:51 Murder Holes
52:32 Ballistics
56:08 Imperial Age
Connection lost

Rejoining the realm…

Still unreachable

The connection could not be restored.

Session expired

The server has moved on; the page needs a fresh start.